 Dungeon Crawl Stone Soup version 0.02-122-g12e50fee3c (webtiles) character file.

Game seed: 3198970796416786710, levelgen mode: deterministic

163 Lanoc the Skirmisher (level 5, 0/47 HPs) Immature Draconian Demonspawn. Began on Oct 2, 2020. Slain by a scorpion (6 damage) ... on level 3 of the Dungeon. The game lasted 00:02:25 (329 turns).

Lanoc the Skirmisher (Immature Draconian Demonspawn) Turns: 329, Time: 00:02:25

Health: 0/47       AC:  6    Str: 17    XL:     5 ^: 147
Magic:  9/9        EV: 13    Int: 12    God:
Gold:   15         SH:  0    Dex: 11    Spells: 8/9 levels left

rFire    . . .     Vision   .   a - +0 long sword
rCold    . . .     Gourm    .   (no weapon)
rNeg     . . .     Faith    .   (armour unavailable)
rPois    .         Spirit   .   (helmet restricted)
rElec    .         Reflect  .   (no cloak)
rCorr    .         Harm     .   (no gloves)
MR       .....                  (no boots)
Stlth    ++........             (no amulet)
HPRegen  0.25/turn              (no ring)
MPRegen  0.19/turn              (no ring)

@: lethally poisoned (0 -> -16), very slightly contaminated
A: no body armour, unfitting armour, antennae 1, cold-blooded, AC +6
a: Breathe Dart


You were on level 3 of the Dungeon.
You were not hungry.

You visited 1 branch of the dungeon, and saw 3 of its levels.

You collected 15 gold pieces.

Inventory:

Weapons
 a - a +0 long sword (weapon)
Scrolls
 b - 2 scrolls of enchantment
Comestibles
 c - a ration


   Skills:
 + Level 4.6 Fighting
 - Level 1.5 Long Blades
 + Level 3.6 Dodging
 - Level 1.3 Stealth
 - Level 2.6 Spellcasting
   Level 3.0 Invocations


You had 8 spell levels left.
You knew the following spells:

 Your Spells              Type           Power        Failure   Level  Hunger
a - Flame Tongue          Fire           1 (40)       26%         1    #......

Your spell library contained the following spells:

 Spells                   Type           Power        Failure   Level  Hunger
 Blink                    Tloc           N/A          36%         2    ###....
 Call Imp                 Summ           1 (100)      36%         2    ###....
 Slow                     Hex            1 (100)      36%         2    ###....
 Conjure Flame            Fire           1 (100)      58%         3    ###....
 Mephitic Cloud           Pois/Air       1 (100)      58%         3    ###....


Dungeon Overview and Level Annotations

Branches:
Dungeon (3/8)

Altars:

Annotations:
D:2 Eustachio


Innate Abilities, Weirdness & Mutations

You cannot fit into any form of body armour.
Your plain brown scales are hard. (AC +6)
You can breathe rudimentary magical darts.
You have a pair of small antennae on your head.
You are cold-blooded and may be slowed by cold attacks.


Message History

You feel sick. The scorpion stings you (6).
You aren't carrying any potions.
You hit the scorpion but do no damage.
The scorpion is lightly wounded. (16/18) HP You hit the scorpion but do no damage.
The scorpion is lightly wounded. (16/18) HP You feel sick.
The scorpion barely misses you (0).
You riposte.
The scorpion blocks your attack. The scorpion stings you (5).
* * * LOW HITPOINT WARNING * * *
You are lethally poisoned!
The scorpion poisons you!
You hit the scorpion (4).
The scorpion is moderately wounded. (12/18) HP You hit the scorpion but do no damage.
You tail-slap the scorpion, but do no damage.
The scorpion is moderately wounded. (12/18) HP
* * * LOW HITPOINT WARNING * * *
You feel very sick. The scorpion stings you (6).
You die...

.. ..
.. .#
#.
.##
#.#
#<##
##@#
#s#
#w.
#...
#.##.
#.#
..
...
..
.#.
..


You could see a worm and a scorpion.

Vanquished Creatures
  An ogre (D:3)
  A jelly (D:2)
  An adder (D:2)
  3 sewer rats (D:2)
  A cinder newt (D:2)
  A dart slug (D:1)
  A leopard gecko (D:2)
  A bat (D:2)
  2 giant cockroaches
  A ball python (D:2)
  A rat (D:1)
14 creatures vanquished.

Vanquished Creatures (others)
  37 withered plants (D:2)
37 creatures vanquished.

Grand Total: 51 creatures vanquished

Notes
Turn   | Place    | Note
-------+----------+-------------------------------------------
     0 | D:1      | Lanoc the Immature Draconian Demonspawn began the quest for
                  | the Orb.
     0 | D:1      | Reached XP level 1. HP: 18/18 MP: 4/4
    86 | D:2      | Noticed a jelly
    96 | D:2      | Killed a jelly
    96 | D:2      | Reached skill level 3 in Fighting
    96 | D:2      | Gained mutation: You have a pair of small antennae on your
                  | head. [demonic ancestry]
    96 | D:2      | Reached XP level 2. HP: 26/26 MP: 2/5
    96 | D:2      | Reached XP level 3. HP: 31/31 MP: 2/7
   105 | D:2      | Noticed Eustachio
   296 | D:2      | Reached XP level 4. HP: 34/40 MP: 6/8
   300 | D:2      | Reached skill level 4 in Fighting
   312 | D:3      | Noticed an ogre
   319 | D:3      | Killed an ogre
   319 | D:3      | Reached XP level 5. HP: 36/47 MP: 9/9
   329 | D:3      | Slain by a scorpion

Levels and vault maps discovered:
D:1:      lightli_arrival_boilingwater, layout_basic, kennysheep_generic_room_4
D:2:      layout_sewer, first_ration, uniq_eustachio, uniq_purgy
D:3:      layout_cave_pods

Skill      XL: |  1  2  3  4 |
---------------+-------------+-----
Fighting       | 3 4 |  4.6
Dodging        | 3 |  3.6
Long Blades    | |  1.5
Stealth        | |  1.3
Spellcasting   | |  2.6
Invocations    | |  3.0

Action                   |  1- 3 |  4- 6 || total
-------------------------+-------+-------++-------
Melee: Long sword        |    25 |    15 ||    40
       Unarmed           |    20 |    14 ||    34
       Tailslap          |     2 |     2 ||     4
 Cast: Flame Tongue      |     5 |     2 ||     7
 Abil: Breathe Dart      |       |     1 ||     1
 Stab: Sleeping          |     2 |       ||     2
Armor: Skin              |    16 |       ||    16
Dodge: Dodged            |    31 |    11 ||    42
       Rpst.: Long sword |     9 |     3 ||    12
       Unarmed           |     7 |     7 ||    14
